Map: 16-Bit LE

Players

IlIlIlIlIlIl - Winner!

  • Race: Terran Terran
  • Spawn Location: 1:00

A.I. 1 (Very Easy)

  • Race: Protoss Protoss
  • Spawn Location: 7:00

VOD

Have the link to the VOD?

Description

Time

  • Played on: Jan. 5, 2025, 11:21 a.m.
  • Length: 31:44
Show
View Real Time Build Order
Export as new Build Order

IlIlIlIlIlIl Terran - Winner!

Build Orders:  

Get SALT Encoding   

  12  0:14  SCV  
  13  0:35  Supply Depot  
  13  0:59  Refinery  
  13  1:27  Refinery  
  13  1:53  Engineering Bay  
  13  2:22  Barracks  
  13  2:28  SCV  
  14  2:33  Supply Depot  
  14  2:40  SCV  
  15  2:52  SCV  
  16  3:04  SCV  
  17  3:14  Barracks  
  17  3:16  SCV  
  18  4:39  Marine  
  20  5:18  Barracks Tech Lab  
  19  5:22  Barracks Tech Lab  
  19  6:10  Factory  
  19  6:31  Marauder  
  21  6:35  Marauder  
  22  6:46  SCV  
  23  6:58  SCV  
  23  7:00  Marauder  
  26  7:04  Marauder  
  28  7:10  SCV  
  29  7:17  Factory Tech Lab  
  29  7:21  Marauder  
  31  7:59  Supply Depot  
  31  8:21  Hellion, SCV  
  31  8:23  Supply Depot  
  34  8:33  SCV  
  35  8:56  Armory  
  35  9:07  Marauder  
  37  9:27  Barracks  
  37  9:33  Barracks  
  37  10:17  Supply Depot  
  37  10:22  Supply Depot  
  33  10:45  Supply Depot  
  33  11:40  Supply Depot  
  33  11:47  Supply Depot  
  33  12:03  Supply Depot  
  33  12:28  Barracks  
  33  13:05  Supply Depot  
  33  13:30  Supply Depot  
  33  13:44  Supply Depot  
  33  13:57  Supply Depot  
  33  14:08  Barracks  
  33  14:22  Supply Depot  
  33  14:44  Thor  
  39  14:51  Marine  
  40  14:54  Marauder  
  40  14:57  Marine x3  
  40  14:58  Supply Depot  
  45  15:01  Marauder  
  43  15:14  Marine  
  43  15:15  Marine, Marauder  
  43  15:19  Marine  
  47  15:22  Marauder  
  47  15:27  Thor  
  54  15:32  Marine  
  54  15:33  Marine  
  53  15:37  Marine, Marauder  
  56  15:50  Marine x2  
  56  15:55  Marine  
  59  15:58  Marauder  
  61  16:10  Thor  
  67  16:19  Marauder  
  69  16:37  Marine x3  
  72  16:41  Marauder  
  74  16:53  Thor  
  80  16:55  Marine  
  81  17:02  Marauder  
  83  17:12  Marine  
  84  17:30  Reaper  
  84  17:36  Thor  
  91  18:02  Marine  
  92  18:18  Thor  
  98  19:02  Hellion  
  93  28:11  Marine  
  94  28:29  Reaper  
  95  29:01  Reaper  
  96  29:33  Marauder  
  98  29:55  Reaper  
Show
View Real Time Build Order
Export as new Build Order

A.I. 1 (Very Easy) Protoss 

Build Orders:  

Get SALT Encoding   

  12  0:00  Probe  
  13  0:13  Probe  
  14  0:20  Pylon  
  14  0:36  Assimilator  
  14  0:43  Gateway  
  14  0:45  Pylon  
  14  1:16  Probe  
  14  1:24  Probe  
  15  1:32  Probe  
  16  1:33  Cybernetics Core  
  17  1:43  Probe  
  18  1:55  Probe  
  18  1:59  Warp Gate  
  19  2:03  Probe  
  19  2:07  Stalker  
  22  4:58  Probe  
  22  5:03  Zealot, Assimilator  
  22  5:05  Robotics Facility  
  22  5:06  Probe  
  22  5:07  Pylon  
  26  5:14  Probe  
  27  5:23  Probe  
  28  5:31  Probe  
  29  5:52  Observer  
  30  6:08  Observer  
  31  6:29  Nexus  
  31  7:00  Stalker  
  31  7:38  Probe  
  32  7:49  Probe  
  32  7:50  Assimilator  
  33  7:52  Probe  
  33  7:53  Assimilator  
  34  8:03  Probe  
  35  8:10  Probe  
  36  8:17  Probe  
  37  8:25  Probe  
  38  8:28  Probe  
  39  8:36  Probe  
  40  8:45  Probe  
  41  8:49  Probe  
  42  9:00  Probe  
  43  9:08  Probe  
  44  9:15  Probe  
  45  9:21  Probe  
  46  9:33  Warp Prism  
  46  9:34  Stalker  
  46  9:36  Gateway  
  46  9:37  Robotics Bay  
  50  9:40  Stargate  
  50  9:42  Pylon  
  50  10:04  Pylon  
  50  10:07  Warp Prism  
  52  10:18  Gravitic Boosters  
  52  10:25  Gateway  
  52  10:37  Observer  
  52  10:39  Zealot  
  51  11:02  Gravitic Drive  
  51  11:13  Stalker  
  53  11:48  Immortal  
  57  13:44  Nexus  
  57  14:15  Stalker  
  59  14:18  Pylon  
  59  14:28  Immortal  
  63  15:05  Assimilator  
  63  15:08  Assimilator  
  61  15:29  Stalker  
  55  15:54  Stalker  
  57  16:07  Immortal  
  61  19:15  Stalker  
  49  19:37  Stalker  
  51  19:46  Probe  
  49  19:53  Probe  
  49  19:59  Probe  
  50  20:00  Stalker  
  50  20:06  Probe  
  37  20:12  Immortal  
  37  20:13  Probe  
  33  20:20  Probe  
  36  20:39  Probe  
  32  20:43  Nexus  
  32  20:50  Zealot  
  32  20:51  Probe  
  35  20:57  Assimilator  
  35  21:03  Probe, Gateway  
  32  21:04  Pylon  
  32  21:11  Assimilator  
  32  21:15  Probe  
  31  21:19  Zealot  
  31  21:22  Pylon  
  32  21:29  Probe  
  29  22:06  Pylon  
  29  22:07  Pylon  
  28  22:20  Probe  
  27  22:28  Probe  
  14  22:31  Pylon  
  14  22:36  Probe  
  16  22:46  Probe  
  17  22:58  Probe  
  17  22:59  Pylon  
  17  23:10  Probe  
  16  23:22  Probe  
  17  23:30  Pylon, Probe  
  17  23:38  Probe, Gateway  
  17  23:49  Probe  
  17  24:01  Probe  
  16  24:13  Probe  
  16  24:25  Probe  
  13  24:33  Zealot  
  13  24:37  Probe  
  15  24:42  Cybernetics Core  
  12  24:49  Probe  
  11  25:01  Zealot, Probe  
  12  25:13  Probe  
  9  25:26  Probe  
  9  25:30  Zealot  
  9  25:34  Probe  
  8  25:43  Probe  
  7  25:52  Probe  
  7  25:58  Zealot  
  8  26:04  Probe  
  3  26:16  Probe  
  3  26:27  Zealot  
  3  26:28  Probe  
  6  26:37  Probe  
  5  26:45  Probe  
  6  26:47  Adept  
  8  26:55  Probe  
  5  27:05  Nexus, Pylon  
  5  27:07  Adept  
  5  27:16  Pylon  
  5  27:22  Stargate  
  3  27:23  Robotics Facility  
  3  27:27  Adept  
  2  28:13  Probe  
  3  28:21  Probe  
  4  28:31  Probe  
  4  28:33  Pylon  
  5  28:40  Assimilator  
  4  28:43  Probe  
  5  28:55  Probe  
  5  28:57  Assimilator  
  5  29:07  Probe  
  4  29:28  Pylon  
  3  29:33  Pylon  
  3  29:37  Nexus  
  3  29:41  Pylon  
  3  30:09  Nexus  
  3  30:16  Pylon  
  3  30:27  Nexus  
  2  30:48  Probe  
  2  30:56  Probe  
  4  31:06  Probe  
  5  31:12  Nexus  
  5  31:14  Gateway  
  5  31:16  Pylon  
  4  31:18  Probe  
  5  31:30  Probe  
  5  31:31  Nexus  
Tags
 
Matchup
PvT
Spawn Locations
Cross Positions
Add a new tag
Caveats
  • Supply blocks, unpowered buildings, or Contaminate may cause inaccurate times.
  • Supply counts are checked every 10 seconds.